 Dungeon Crawl Stone Soup version 0.28.0-43-g3370ac3207 (webtiles) character file.

Game seed: 2288216526886857406

51 Aksej the Skirmisher (level 3, -3/29 HPs)
             Began as a Demonspawn Monk on Feb 28, 2022.
             Slain by Crazy Yiuf
             ... wielding a +3 quarterstaff of chaos
              (4 damage)
             ... on level 2 of the Dungeon.
             The game lasted 00:03:41 (2710 turns).

Aksej the Skirmisher (Demonspawn Monk)              Turns: 2710, Time: 00:03:43

Health: -3/29      AC:  2    Str: 11    XL:     3   Next: 58%
Magic:  3/3        EV: 13    Int: 11    God:
Gold:   71         SH:  0    Dex: 17    Spells: 2/2 levels left

rFire   . . .      SeeInvis .   a - +1 whip (venom)
rCold   . . .      Faith    .   (no shield)
rNeg    . . .      Spirit   .   b - +0 robe
rPois   .          Reflect  .   (helmet restricted)
rElec   .          Harm     .   (no cloak)
rCorr   .          Rampage  .   (no gloves)
Will    .....                   (no boots)
Stlth   ++........              (no amulet)
HPRegen 0.09/turn               (no ring)
MPRegen 0.08/turn               (no ring)

@: no status effects
A: antennae 2
a: no special abilities


You were on level 2 of the Dungeon.
You visited 1 branch of the dungeon, and saw 2 of its levels.

You collected 71 gold pieces.

Inventory:

Hand Weapons
 a - a +1 whip of venom (weapon)
Missiles
 h - 2 javelins (quivered)
Armour
 b - a +0 robe (worn)
Scrolls
 i - a scroll of vulnerability {unknown}
Potions
 c - a potion of magic
 d - a potion of curing
 e - 2 potions of resistance
 f - a potion of attraction {unknown}
 g - a potion of lignification {unknown}


   Skills:
 * Level 3.5 Fighting
 + Level 3.3 Maces & Flails
 + Level 3.1 Dodging
 + Level 2.1 Stealth


You had 2 spell levels left.
You didn't know any spells.
Your spell library was empty.

Dungeon Overview and Level Annotations

Branches:
Dungeon (2/15)

Altars:

Annotations:
D:2 Crazy Yiuf


Innate Abilities, Weirdness & Mutations

You have a pair of antennae on your head.


Message History

i - a scroll labelled OLETOP XUORGH
Okay, then.
You see here a +0 dagger.
You now have 59 gold pieces (gained 8).
You sense a monster nearby.
You now have 71 gold pieces (gained 12).
A rat comes into view.
The helpless rat fails to defend itself.
You hit the rat.
You kill the rat!
Found a whip.
You see here a +0 whip.
You see here a +0 whip.
You open the door.
Found a mace.
Found a runed translucent door.
Crazy Yiuf shouts!
Crazy Yiuf says, "Trifle!
Trifle disdain King."
You sense a monster nearby.
You open the door. You hit Crazy Yiuf.
Crazy Yiuf is lightly wounded.
Crazy Yiuf whimpers, "East action snockshim!"
Crazy Yiuf closely misses you.
You hit Crazy Yiuf.
Crazy Yiuf is poisoned.
Crazy Yiuf is moderately wounded.
Crazy Yiuf hits you with a +3 quarterstaff of chaos!
Crazy Yiuf freezes you.
Crazy Yiuf twirls on the spot.
Crazy Yiuf grits, "You!"
Okay, then.
You barely miss Crazy Yiuf.
Crazy Yiuf is severely wounded.
Crazy Yiuf completely misses you.
You hit Crazy Yiuf.
Crazy Yiuf looks even sicker.
Crazy Yiuf is almost dead.
Crazy Yiuf whimpers, "Two!
Goober shrimp noodlescoop."
Crazy Yiuf hits you with a +3 quarterstaff of chaos!
* * * LOW HITPOINT WARNING * * *
Crazy Yiuf freezes you.
You die... .# #....# #'# #.# .#####....# #.## #.# ..........# ##.# #.# ...P......# #.## #.# ..PP......# ##.# #.#.# ....P.....# ##.## #.#.# ....PP..### ##.P.# #.#.# ......#.# #PPgP#

#.#.# #######.# #'.@+# #.#.# ##
.######....####.#.# ..
.#............#.#.#
........#.#####.###.##.#.#
........#<........#.##.#.########
........#.#.##.#................#
≈.......#.#.#.........###.####.##
........#.#.#........##)#....#.#
≈.......#.#.....#....#.##..#.#.#


You could see Crazy Yiuf (very poisoned).

Vanquished Creatures
  An adder (D:2)
  An adder skeleton (D:2)
  2 dart slugs (D:2)
  A bat skeleton (D:2)
  2 endoplasms (D:2)
  5 giant cockroaches (D:1)
  3 goblins
  3 hobgoblins
  3 kobolds
  A quokka (D:1)
  2 ball pythons (D:1)
  2 bats (D:1)
  3 frilled lizards (D:1)
  5 rats
34 creatures vanquished.

Notes
Turn   | Place    | Note
-------+----------+-------------------------------------------
     0 | D:1      | Aksej the Demonspawn Monk began the quest for the Orb.
     0 | D:1      | Reached XP level 1. HP: 18/18 MP: 1/1
   531 | D:1      | Discovered your monstrous ancestry.
   531 | D:1      | Gained mutation: You have a pair of small antennae on your
                  | head. [demonic ancestry]
   531 | D:1      | Reached XP level 2. HP: 15/24 MP: 2/2
  2091 | D:2      | Gained mutation: You have a pair of antennae on your head.
                  | [demonic ancestry]
  2091 | D:2      | Reached XP level 3. HP: 29/29 MP: 3/3
  2343 | D:2      | Found a faded altar of an unknown god.
  2693 | D:2      | Found a runed translucent door.
  2694 | D:2      | Noticed Crazy Yiuf
  2710 | D:2      | HP: 1/29 [Crazy Yiuf/+3 quarterstaff of chaos (9)]
  2710 | D:2      | Slain by Crazy Yiuf

Illustrated notes

Levels and vault maps discovered:
D:1:      saegor_arrival_simple_e, layout_basic, serial_aquarium,
          aquarium_bridge_island_large [aquarium_subvault_large_4_pools,
          aquarium_subvault_bridge, aquarium_subvault_wall,
          aquarium_subvault_wall, aquarium_subvault_wall],
          aquarium_bridge_square [aquarium_subvault_window,
          aquarium_subvault_wall, aquarium_subvault_bridge,
          aquarium_subvault_bridge], aquarium_window_1, aquarium_window_2,
          aquarium_window_2, aquarium_view_2c, aquarium_view_2b,
          aquarium_balcony_3b, aquarium_pool_double
D:2:      layout_basic, shapermc_ecumenical_altar_notcrosses, serial_undead,
          serial_undead_e, serial_undead_f, serial_undead_f, serial_undead_b,
          serial_park_tiny_2, minmay_bisected, uniq_crazy_yiuf_cottage

Skill      XL: |  1  2 |
---------------+-------+-----
Dodging        | 3 |  3.1
Maces & Flails | 3 |  3.3
Stealth        | 2 |  2.1
Fighting       | |  3.5

Action                   || total
-------------------------++-------
Melee: Mace              ||    90
       Whip              ||    36
       Punch             ||     2
Throw: Javelin           ||     1
  Use: Potion            ||     2
       Scroll            ||     1
 Stab: Sleeping          ||     5
Armor: Robe              ||    30
Dodge: Dodged            ||   101
